 Dungeon Crawl Stone Soup version 0.17-a0-186-g8d083fd (webtiles) character file.

464 squibie the Thaumaturge (level 6, -2/32 HPs)
             Began as a Deep Elf Wizard on Mar 27, 2015.
             Was an Initiate of Ru.
             Slain by a gnoll
             ... wielding a +0 whip
              (7 damage)
             ... on level 4 of the Dungeon.
             The game lasted 00:13:06 (3521 turns).

squibie the Thaumaturge (Deep Elf Wizard)           Turns: 3521, Time: 00:13:07

Health: -2/32      AC:  4    Str:  4    XL:     6   Next: 80%
Magic:  1/25       EV: 13    Int: 25    God:    Ru [......]
Gold:   137        SH:  0    Dex: 17    Spells: 7 memorised, 9 levels left

rFire  . . .     SeeInvis +     r - +2 quarterstaff (chaos)
rCold  . . .     Clarity  .     a - +0 robe
rNeg   . . .     SustAb   .     (no shield)
rPois  .         Gourm    .     b - +0 hat
rElec  .         Spirit   .     i - +1 cloak
rCorr  .         Warding  .     (no gloves)
rMut   .         Stasis   .     (no boots)
MR     .....                    (no amulet)
Stlth  ++........               x - ring of see invisible
                                s - +4 ring of dexterity

@: very slightly contaminated, not resistant to hostile enchantments, unstealthy
A: no striking features
a: Renounce Religion


You were on level 4 of the Dungeon.
You worshipped Ru.
Ru was noncommittal.
You were not hungry.

You visited 1 branch of the dungeon, and saw 4 of its levels.

You collected 137 gold pieces.

Inventory:

Hand weapons
 h - a +1 dagger of freezing
 r - a +2 quarterstaff of chaos (weapon)
Armour
 a - a +0 robe (worn)
 b - a +0 hat (worn)
 i - a +1 cloak (worn)
 q - a +1 cloak
 v - a +0 cloak
Jewellery
 s - a +4 ring of dexterity (left hand)
 x - a ring of see invisible (right hand)
Scrolls
 e - 6 scrolls of identify
 g - 2 scrolls of remove curse
 l - a scroll of noise {unknown}
 m - 2 scrolls of immolation {unknown}
 o - 3 scrolls of teleportation {unknown}
 u - a scroll of enchant weapon {unknown}
Potions
 j - 7 potions of curing
 n - a potion of cure mutation {unknown}
 t - a potion of might {unknown}
Books
 c - a book of Minor Magic

   Spells                             Type                      Level
   a - Magic Dart                     Conjuration                  1
   b - Blink                          Translocation                2
   c - Call Imp                       Summoning                    2
   d - Repel Missiles                 Charms/Air                   2
   e - Slow                           Hexes                        2
   f - Conjure Flame                  Conjuration/Fire             3
   g - Mephitic Cloud                 Conjuration/Poison/Air       3
Comestibles
 d - a bread ration
 f - 4 meat rations
 k - a fruit
 p - a slice of pizza
 w - a beef jerky


   Skills:
 - Level 2.4 Dodging
 - Level 2.4 Stealth
 + Level 9.5 Spellcasting
 - Level 3.3 Conjurations
 - Level 1.1 Summonings
 - Level 1.1 Translocations


You had 9 spell levels left.
You knew the following spells:

 Your Spells              Type           Power        Failure   Level  Hunger
a - Magic Dart            Conj           ####         1%          1    None
b - Conjure Flame         Conj/Fire      ###.....     10%         3    None
c - Slow                  Hex            ##......     10%         2    None
d - Blink                 Tloc           N/A          6%          2    None
e - Call Imp              Summ           ###.....     6%          2    None
f - Repel Missiles        Chrm/Air       ##....       10%         2    None
g - Mephitic Cloud        Conj/Pois/Air  ###.....     12%         3    None


Dungeon Overview and Level Annotations

Branches:
Dungeon (4/15)             Temple (0/1) D:4

Altars:
Okawaru
Ru


Message History

You kill the goblin!
The gnoll hits you from afar with a spear.
Your crimson imp blinks!
The gnoll hits you from afar with a spear.
The gnoll hits you from afar with a spear.
The gnoll completely misses your crimson imp.
The gnoll closely misses your crimson imp.
Casting: Call Imp
Confirm with . or Enter, or press ? or * to list all spells.
You blink.
Casting: Blink
Confirm with . or Enter, or press ? or * to list all spells.
You blink.
The gnoll hits you with a spear!
* * * LOW HITPOINT WARNING * * *
The gnoll barely misses you.
The gnoll hits you from afar with a spear.
* * * LOW HITPOINT WARNING * * *
The gnoll closely misses you. The gnoll hits you with a whip!
You die...

#............# ###....##
#.......)...## ###....###
#............##
###....###
#...########...###.....##
#... #.........### ...#
##......### ... #...g.##
..# ##.g.## . ####..@##
#.......###
..............### ###
...............### ##.#
...####..##......### #..#
.. #..######..(.###.##
#..# ###..†....# #..#
####...## ##.## ###(##


You could see 2 gnolls.

Vanquished Creatures
  Grinder (D:3)
  A centaur skeleton (D:4)
  Crazy Yiuf (D:2)
  2 orc priests (D:4)
  An iguana (D:3)
  A worker ant (D:4)
  2 adders (D:3)
  2 gnolls (D:4)
  A white imp (D:4)
  A worm (D:2)
  3 giant geckos
  5 orcs (D:4)
  9 bats
  4 giant cockroaches
  10 goblins
  13 hobgoblins
  6 jackals
  7 kobolds
  An ooze (D:2)
  A quokka (D:4)
  3 giant newts
  10 rats
85 creatures vanquished.

Vanquished Creatures (collateral kills)
  Terence (D:3)
  A gnoll (D:4)
  An adder (D:4)
  2 orcs (D:4)
  A quokka (D:3)
  A bat (D:3)
7 creatures vanquished.

Vanquished Creatures (others)
  A white imp (D:3)
1 creature vanquished.

Grand Total: 93 creatures vanquished

Notes
Turn   | Place    | Note
--------------------------------------------------------------
     0 | D:1      | squibie, the Deep Elf Wizard, began the quest for the Orb.
     0 | D:1      | Reached XP level 1. HP: 10/10 MP: 6/6
   159 | D:1      | Reached XP level 2. HP: 15/15 MP: 3/9
  1111 | D:2      | Reached XP level 3. HP: 19/19 MP: 0/12
  1401 | D:2      | Noticed Crazy Yiuf
  1409 | D:2      | Learned a level 3 spell: Conjure Flame
  1412 | D:2      | Learned a level 2 spell: Slow
  1425 | D:2      | Killed Crazy Yiuf
  1425 | D:2      | Reached skill level 5 in Spellcasting
  1425 | D:2      | Reached XP level 4. HP: 24/24 MP: 3/17
  1550 | D:2      | Learned a level 2 spell: Blink
  1553 | D:2      | Learned a level 2 spell: Call Imp
  1997 | D:3      | Noticed Grinder
  2240 | D:2      | Found a sacrificial altar of Ru.
  2402 | D:3      | Paralysed by Grinder for 3 turns
  2435 | D:3      | Reached skill level 6 in Spellcasting
  2637 | D:3      | Killed Grinder
  2637 | D:3      | Reached skill level 8 in Spellcasting
  2637 | D:3      | Reached XP level 5. HP: 25/28 MP: 12/22
  2728 | D:3      | Reached XP level 6. HP: 32/32 MP: 18/24
  2737 | D:3      | Found an iron altar of Okawaru.
  2882 | D:2      | Became a worshipper of Ru the Awakened
  2920 | D:3      | Noticed Terence
  2940 | D:3      | Killed Terence
  3107 | D:4      | Reached skill level 9 in Spellcasting
  3237 | D:4      | Found a staircase to the Ecumenical Temple.
  3379 | D:4      | Learned a level 2 spell: Repel Missiles
  3383 | D:4      | Learned a level 3 spell: Mephitic Cloud
  3521 | D:4      | Slain by a gnoll

Action                   |  1- 3 |  4- 6 || total
-------------------------+-------+-------++-------
Melee: Dagger            |     3 |       ||     3
       Quarterstaff      |       |    16 ||    16
 Cast: Magic Dart        |    77 |   119 ||   196
       Conjure Flame     |     1 |       ||     1
       Slow              |       |     8 ||     8
       Call Imp          |       |    14 ||    14
       Blink             |       |     2 ||     2
       Mephitic Cloud    |       |     1 ||     1
  Use: Scroll            |       |     2 ||     2
  Eat: Chunk             |     1 |     5 ||     6
       Fruit             |       |     2 ||     2
